 Dungeon Crawl Stone Soup version 0.31-a0-83-gbff143cfd1 (webtiles) character file.

Game seed: 18316766489488968052

287 senseless the Trooper (level 6, -6/66 HPs)
             Began as an Ogre Warper on May 24, 2023.
             Killed by nerve-wracking pain
             ... invoked by an orc priest
              (12 damage)
             ... on level 4 of the Dungeon.
             The game lasted 00:10:22 (3392 turns).

senseless the Trooper (Ogre Warper)                 Turns: 3392, Time: 00:10:22

Health: -6/66      AC:  6    Str: 16    XL:     6   Next: 30%
Magic:  10/11      EV: 15    Int: 16    God:
Gold:   90         SH:  0    Dex:  8    Spells: 6/11 levels left

rFire   + . .        o - +7 mace (drain)
rCold   + . .        (no shield)
rNeg    . . .        k - +2 robe {rC+ rF+}
rPois   .            (helmet restricted)
rElec   .            q - +0 cloak
rCorr   .            (gloves unavailable)
SInv    .            (boots unavailable)
Will    .....        (no amulet)
Stlth   +            g - +5 ring of evasion
HPRegen 0.31/turn    (no ring)
MPRegen 0.12/turn

%: no passive effects
@: no status effects
A: large, unfitting armour, tough skin 1
a: no special abilities


You were on level 4 of the Dungeon.
You visited 1 branch of the dungeon, and saw 4 of its levels.

You collected 90 gold pieces.

Inventory:

Hand Weapons
 a - a +0 mace
 o - a +7 mace of draining (weapon)
Missiles
 d - 7 boomerangs of dispersal
Armour
 k - a +2 robe of resistance (worn)
 p - a +2 tower shield of protection
 q - a +0 cloak (worn)
Jewellery
 g - a +5 ring of evasion (left hand)
Wands
 l - a wand of roots (7) (quivered)
Scrolls
 j - a scroll of magic mapping
Potions
 b - a potion of ambrosia {unknown}
 e - a potion of invisibility
 f - a potion of mutation {unknown}
 n - a potion of curing


   Skills:
 * Level 5.1 Fighting
 * Level 2.8 Maces & Flails
 - Level 1.0 Throwing
 * Level 3.1 Dodging
 * Level 1.0 Shields
 + Level 3.3 Spellcasting
 + Level 3.3 Translocations
 + Level 1.0 Air Magic


You had 6 spell levels left.
You knew the following spells:

 Your Spells              Type           Power      Damage    Failure   Level
a - Blink                 Tloc           26%        N/A       7%          2
b - Vhi's Electric Charg  Tloc/Air       16%        N/A       26%         3

Your spell library contained the following spells:

 Spells                   Type           Power      Damage    Failure   Level
 Lesser Beckoning         Tloc           26%        N/A       7%          2
 Teleport Other           Tloc           13%        N/A       14%         3
 Manifold Assault         Tloc           13%        N/A       41%         4
 Ignite Poison            Fire/Tmut/Pois 0%         N/A       56%         3
 Sticky Flame             Conj/Fire      1%         2d3       91%         4
 Ignition                 Fire           1%         3d3       100%        8


Dungeon Overview and Level Annotations

Branches:
Dungeon (4/15)
 Temple: D:4-7

Altars:
Qazlal
Wu Jian
Xom


Innate Abilities, Weirdness & Mutations

You are too large for most types of armour.
You have tough skin. (AC +1)


Message History

You hit the iguana.
The iguana is moderately wounded.
The iguana completely misses you. The iguana bites you!
You barely miss the iguana.
The iguana is moderately wounded.
The iguana closely misses you.
You hit the iguana.
The iguana is heavily wounded.
The iguana bites you.
You barely miss the iguana.
The iguana is heavily wounded.
The iguana closely misses you.
You barely miss the iguana.
The iguana is heavily wounded.
The iguana bites you!
* * * LOW HITPOINT WARNING * * *
The iguana bites you!
* * * LOW HITPOINT WARNING * * *
You are too injured to fight recklessly!
Casting: Blink (safe; 7% risk of failure)
Confirm with . or Enter, or press ? or * to list all spells.
You blink.
The iguana barely misses you.
The orc priest hits you with a +0 war axe.
* * * LOW HITPOINT WARNING * * *
You hear some strange, mumbled words.
A puff of flame appears from out of thin air!
The puff of flame misses you.
Casting: Blink (safe; 7% risk of failure)
Confirm with . or Enter, or press ? or * to list all spells.
You are still too unstable to blink.
Blink to where?
Press: ? - help, Dir - move target
Found a ring mail.
As you read the scroll of blinking, it crumbles to dust.
You feel stable enough to blink again.
There is an open door here.
There is a stone staircase leading up here.
The orc priest calls down the wrath of Beogh upon you.
Pain shoots through your body!
You die...

..................
...................
...................
..................
..................
#.....)..###+####+###
+........o....#......
#..).....#....#.....
#...@..l.#....#....
#........#l.###..###+
.......###+##..###..#...
.......#.......o.l..#§..
.......#.........†.o)...
.......#............#...
.......#..........))#...
.......#............#...
###+##..####'#...


You could see an iguana and an orc priest.

Vanquished Creatures
  A scorpion (D:4)
  A hound (D:4)
  An orc priest (D:4)
  Crazy Yiuf (D:2)
  Jessica (D:2)
  Terence (D:2)
  2 adders (D:2)
  2 worms (D:2)
  A dart slug (D:3)
  10 orcs
  7 bats
  2 endoplasms
  4 giant cockroaches
  3 hobgoblins
  4 jackals
  4 quokkas
  3 ball pythons
  2 frilled lizards (D:2)
  8 goblins
  3 kobolds
  3 rats
64 creatures vanquished.

Notes
Turn   | Place    | Note
-------+----------+-------------------------------------------
     0 | D:1      | senseless the Ogre Warper began the quest for the Orb.
     0 | D:1      | Reached XP level 1. HP: 22/22 MP: 3/3
   273 | D:1      | Reached skill level 3 in Fighting
   440 | D:1      | Reached XP level 2. HP: 27/31 MP: 3/5
   545 | D:1      | Learned a level 2 spell: Blink
   948 | D:2      | Noticed Jessica
   958 | D:2      | Killed Jessica
   959 | D:2      | Reached XP level 3. HP: 17/37 MP: 5/7
  1176 | D:2      | Reached skill level 4 in Fighting
  1176 | D:2      | Reached XP level 4. HP: 30/48 MP: 8/8
  1340 | D:2      | Noticed Terence
  1565 | D:2      | Learned a level 3 spell: Vhi's Electric Charge
  1808 | D:2      | Found a shimmering altar of Xom.
  1823 | D:2      | Killed Terence
  2020 | D:2      | Found a runed translucent door.
  2021 | D:2      | Noticed Crazy Yiuf
  2291 | D:2      | Killed Crazy Yiuf
  2292 | D:2      | Reached XP level 5. HP: 7/54 MP: 6/9
  2890 | D:3      | Found an ornate altar of the Wu Jian Council.
  2890 | D:3      | Found a stormy altar of Qazlal.
  3334 | D:4      | Reached skill level 5 in Fighting
  3334 | D:4      | Reached skill level 1 in Air Magic
  3334 | D:4      | Reached XP level 6. HP: 66/66 MP: 9/11
  3371 | D:4      | Reached skill level 1 in Shields
  3379 | D:4      | HP: 2/66 [orc priest/+0 war axe (4)]
  3392 | D:4      | Killed from afar by an orc priest

Illustrated notes

Levels and vault maps discovered:
D:1:      nagdon_arrival_zigzag_paths, layout_loops_ring, serial_park_tiny_pond
D:2:      cheibrodos_old_hovel, layout_loops_ring, basic_altar,
          minmay_diced_spiral, uniq_crazy_yiuf_cottage, uniq_terence,
          uniq_jessica
D:3:      layout_loops_ring, gammafunk_temple_overflow_wave
D:4:      layout_gridville, lemuel_tele_altar,
          mainiacjoe_overflow_cross_hatched, minmay_hollow_rounded_squares

Skill      XL: |  1  2  3  4  5  6 |
---------------+-------------------+-----
Fighting       | 3 4 5 |  5.1
Maces & Flails | 2 |  2.8
Translocations | 3 |  3.3
Spellcasting   | 3 |  3.3
Dodging        | 3 |  3.1
Air Magic      | 1 |  1.0
Shields        | 1 |  1.0
Throwing       | |  1.0

Action                     |  1- 3 |  4- 6 || total
---------------------------+-------+-------++-------
  Melee: Mace              |    67 |   148 ||   215
         Punch             |     2 |     2 ||     4
   Cast: Blink             |     1 |     5 ||     6
         Vhi's Electric Ch |       |     1 ||     1
  Evoke: Wand              |       |     1 ||     1
    Use: Potion            |       |     1 ||     1
         Scroll            |       |     8 ||     8
   Stab: Sleeping          |     2 |       ||     2
 Armour: Robe              |    21 |    40 ||    61
  Dodge: Dodged            |    67 |   124 ||   191

Table legend: (Time is in decaauts)
 A = Elapsed time spent in this place.
 B = Non-inter-level travel time spent in this place.
 C = Inter-level travel time spent in this place.
 D = Time resting spent in this place.
 E = Time spent auto-exploring this place.
 F = Levels seen in this place.
 G = Mean time per level.
                   A        B        C        D        E       F      G
               +--------+--------+--------+--------+--------+-----+--------+
         Total |   3453 |   3174 |    279 |    266 |   2352 |   4 |  863.2 |
       Dungeon |   3453 |   3174 |    279 |    266 |   2352 |   4 |  863.2 |
               +--------+--------+--------+--------+--------+-----+--------+

Top non-repeatable levels by time:
     D:2: 1451 daAuts
     D:1: 1172 daAuts
     D:3: 737 daAuts
     D:4: 92 daAuts
